 Dungeon Crawl Stone Soup version 0.19.4 (webtiles) character file.

8514 Jerry the Basher (level 11, -14/81 HPs)
             Began as a Formicid Fighter on Feb 1, 2017.
             Was an Initiate of Gozag.
             Killed from afar by Urug (28 damage)
             ... with a wand of lightning
             ... on level 11 of the Dungeon.
             The game lasted 00:37:04 (11341 turns).

Jerry the Basher (Formicid Fighter)                Turns: 11341, Time: 00:37:05

Health: -14/81     AC: 18    Str: 23    XL:     11   Next: 57%
Magic:  11/11      EV: 10    Int:  9    God:    Gozag
Gold:   186        SH: 21    Dex: 10    Spells: 2 memorised, 8 levels left

rFire  + . .     SeeInvis +     p - +3 whip (venom)
rCold  + . .     Gourm    .     h - +2 chain mail {rF+}
rNeg   . . .     Faith    .     w - +1 shield {AC+3}
rPois  +         Spirit   .     (helmet unavailable)
rElec  .         Reflect  +     v - +0 cloak {rPois}
rCorr  .         Harm     .     (no gloves)
MR     +....                    (no boots)
Stlth  ..........               r - brooch of Shielding {Reflect SH+8}
                                q - ring of protection from cold
                                a - +2 ring of evasion

@: no status effects
A: permanent stasis, dig shafts and tunnels, four strong arms, antennae 3
a: Dig, Shaft Self, Potion Petition, Call Merchant, Bribe Branch, Renounce
Religion


You were on level 11 of the Dungeon.
You worshipped Gozag.
Gozag was aware of your devotion.
You were very hungry.

You visited 2 branches of the dungeon, and saw 12 of its levels.

You collected 1405 gold pieces.
You spent 459 gold pieces at shops.
You paid 760 gold pieces to Gozag.

Inventory:

Hand Weapons
 p - a +3 whip of venom (weapon)
 L - a +0 whip of electrocution
Armour
 h - a +2 chain mail of fire resistance (worn)
 v - a +0 cloak of poison resistance (worn)
 w - a +1 shield of protection (worn)
Jewellery
 a - a +2 ring of evasion (left hand)
 q - a ring of protection from cold (right hand)
 r - the brooch of Shielding (around neck) {Reflect SH+8}
   (You found it on level 11 of the Dungeon)

   [amulet of reflection]

   It shields you and reflects attacks.
   It affects your SH (+8).
Wands
 c - a wand of acid (10/15)
 m - a wand of flame (8/48)
Scrolls
 b - 2 scrolls of enchant armour
 e - 5 scrolls of remove curse
 g - 4 scrolls of amnesia
 i - 2 scrolls of magic mapping
 l - 2 scrolls of recharging
 n - a scroll of identify
Potions
 d - a potion of invisibility
 j - a potion of might
 k - 6 potions of curing
 o - a potion of beneficial mutation
 s - a potion of magic
 t - 2 potions of agility
 u - 4 potions of lignification {unknown}
 x - 2 potions of ambrosia {unknown}
 z - a potion of resistance {unknown}
 E - a potion of flight {unknown}
 G - a potion of heal wounds {unknown}
 H - a potion of haste {unknown}
 K - a potion of brilliance {unknown}
 N - 2 potions of cancellation {unknown}
Comestibles
 f - 5 bread rations
 F - 3 meat rations


   Skills:
 - Level 6.1 Fighting
 * Level 11.6 Maces & Flails
 + Level 9.9 Armour
 + Level 10.5 Shields


You had 8 spell levels left.
You knew the following spells:

 Your Spells              Type           Power        Failure   Level  Hunger
a - Animate Skeleton      Necr           N/A          99%         1    ##.....
b - Apportation           Tloc           #.........   99%         1    ##.....


Dungeon Overview and Level Annotations

Branches:
Dungeon (11/15)            Temple (1/1) D:6            Lair (0/6) D:9
    Orc: D:9-12

Altars:
Ashenzari
Cheibriados
Dithmenos
Elyvilon
Fedhas
Gozag
Hepliaklqana
Kikubaaqudgha
Makhleb
Nemelex Xobeh
Okawaru
Qazlal
Ru
Sif Muna
Trog
Uskayaw
Vehumet
Xom
Yredelemnul
Zin
The Shining One

Shops:
D:9 *   D:10 (?   D:11 ([

Annotations:
D:11 Urug


Innate Abilities, Weirdness & Mutations

You are under a permanent stasis effect.
You can dig through walls and to a lower floor.
Your four strong arms can wield two-handed weapons with a shield.
You have a pair of large antennae on your head. (SInv)


Message History

Urug is moderately wounded.
You hit Urug.
Urug is moderately wounded.
Urug hits you with an enchanted broad axe!
You whack Urug!
Urug looks as sick as possible!
Urug is heavily wounded.
Urug throws a javelin.
The javelin hits you but does no damage.
Urug zaps a wand.
The bolt of lightning hits you!
Urug throws a javelin.
You reflect the javelin off an invisible shield around you!
The javelin closely misses Urug.
Urug zaps a wand.
The bolt of lightning hits you!
* * * LOW HITPOINT WARNING * * *
Urug throws a javelin.
The javelin hits you but does no damage.
You see here a javelin.
Urug zaps a wand.
The bolt of lightning hits you!
You die...
Your body crumbles into a pile of gold.

##..## #.# ##..#.## #.#
#..###.## #.#
######...###.# #.#
.........##.#########.#
######...#............#
###..############# #.##
#@# #(# #.# #.# #.# #.#
#.# #...o......
.>......#.###


You could see Urug.

Vanquished Creatures
  Pikel (D:5)
  A hill giant (D:11)
  A troll (D:10)
  2 two-headed ogres
  Grum (D:11)
  Eustachio (D:4)
  5 yaks
  A hungry ghost (D:8)
  Menkaure (D:5)
  3 water moccasins
  3 ice beasts (D:8)
  6 orc warriors
  2 sky beasts
  An eye of draining (D:11)
  A slave (D:5)
  A phantom (D:7)
  3 ogres
  2 centaurs
  4 wolves (D:11)
  A crocodile (D:7)
  8 bullfrogs
  Blork the orc (D:5)
  2 scorpions
  10 killer bees
  3 wights (D:9)
  3 crimson imps
  2 centaur zombies
  A quasit (D:8)
  2 bullfrog zombies
  9 hounds
  2 jellies (D:6)
  3 orc priests
  3 centaur skeletons
  8 worker ants
  Natasha (twice) (D:2)
  3 iguanas
  13 orc wizards
  A hound zombie (D:9)
  Robin (D:2)
  5 river rats (D:9)
  13 adders
  4 shadow imps
  3 adder skeletons
  5 worms
  6 dart slugs
  6 leopard geckos
  49 orcs
  13 giant cockroaches
  15 goblins
  7 hobgoblins
  10 jackals
  9 quokkas
  16 bats
  5 frilled lizards
  A jackal zombie (D:6)
  8 kobolds
  A quokka zombie (D:5)
  14 rats
  A fungus (D:1)
309 creatures vanquished.

Vanquished Creatures (others)
  A giant cockroach (D:5)
  2 fungi (D:9)
  5 plants (D:11)
8 creatures vanquished.

Grand Total: 317 creatures vanquished

Notes
Turn   | Place    | Note
-------+----------+-------------------------------------------
     0 | D:1      | Jerry the Formicid Fighter began the quest for the Orb.
     0 | D:1      | Reached XP level 1. HP: 18/18 MP: 1/1
   256 | D:1      | Reached XP level 2. HP: 20/24 MP: 2/2
   839 | D:2      | Reached XP level 3. HP: 29/29 MP: 3/3
  1207 | D:2      | Noticed Robin
  1231 | D:2      | Killed Robin
  1407 | D:2      | Reached XP level 4. HP: 33/37 MP: 4/4
  1411 | D:2      | Reached skill level 3 in Maces & Flails
  1849 | D:2      | Noticed Natasha
  1862 | D:2      | Killed Natasha
  1862 | D:2      | Reached XP level 5. HP: 18/42 MP: 5/5
  2197 | D:2      | Noticed Natasha
  2200 | D:2      | Killed Natasha
  3203 | D:4      | Reached XP level 6. HP: 41/48 MP: 6/6
  3420 | D:4      | Reached skill level 4 in Maces & Flails
  3772 | D:4      | Reached skill level 5 in Shields
  3782 | D:4      | Reached XP level 7. HP: 47/55 MP: 7/7
  3854 | D:4      | Noticed Eustachio
  3866 | D:4      | Found a shattered altar of Ashenzari.
  3872 | D:4      | Killed Eustachio
  3872 | D:4      | Reached skill level 5 in Armour
  3966 | D:4      | Reached skill level 5 in Maces & Flails
  4203 | D:5      | Entered Level 5 of the Dungeon
  4331 | D:5      | Reached skill level 5 in Fighting
  4373 | D:5      | Reached XP level 8. HP: 50/62 MP: 8/8
  4773 | D:5      | Noticed Pikel
  4799 | D:5      | Killed Pikel
  4799 | D:5      | Reached skill level 6 in Maces & Flails
  5163 | D:5      | Noticed Blork the orc
  5174 | D:5      | Killed Blork the orc
  5174 | D:5      | Reached XP level 9. HP: 69/69 MP: 9/9
  5204 | D:5      | Found a basalt altar of Yredelemnul.
  5204 | D:5      | Noticed Menkaure
  5213 | D:5      | Killed Menkaure
  5213 | D:5      | Reached skill level 7 in Maces & Flails
  5608 | D:6      | Found a radiant altar of Vehumet.
  6266 | D:6      | Found a staircase to the Ecumenical Temple.
  6277 | Temple   | Entered the Ecumenical Temple
  6704 | D:7      | Reached skill level 8 in Maces & Flails
  6804 | D:7      | Found an opulent altar of Gozag.
  7294 | D:8      | Reached XP level 10. HP: 71/76 MP: 10/10
  7418 | D:8      | Reached skill level 9 in Maces & Flails
  7596 | D:7      | Became a worshipper of Gozag Ym Sagoz the Greedy
  8416 | D:9      | Found a sparkling altar of Nemelex Xobeh.
  8477 | D:9      | Reached skill level 10 in Maces & Flails
  9023 | D:9      | Found a white marble altar of Elyvilon.
  9272 | D:9      | Found Dike Zodgh's General Store.
  9428 | D:9      | Found a bloodstained altar of Trog.
  9478 | D:9      | Found a staircase to the Lair.
  9551 | D:9      | Reached XP level 11. HP: 77/81 MP: 11/11
  9678 | D:9      | Learned a level 1 spell: Animate Skeleton
  9680 | D:9      | Learned a level 1 spell: Apportation
  9703 | D:10     | Entered Level 10 of the Dungeon
  9706 | D:10     | Found Susche Uph's Magic Scroll Emporium.
  9960 | D:10     | Reached skill level 11 in Maces & Flails
 10191 | D:10     | Reached skill level 10 in Shields
 11039 | D:11     | Noticed Grum
 11062 | D:11     | Killed Grum
 11138 | D:11     | Noticed a hill giant
 11157 | D:11     | Killed a hill giant
 11159 | D:11     | Found Siffyo's Weapon Emporium.
 11201 | D:11     | Found Ylapen's Antique Armour Emporium.
 11207 | D:11     | Bought a runed cloak for 241 gold pieces
 11207 | D:11     | Bought a slimy chain mail for 218 gold pieces
 11228 | D:11     | Identified the cursed +0 chain mail of Immorality {+Blink rN++ MR- Int+2} (You bought it in a shop on level 11 of the Dungeon)
 11321 | D:11     | Noticed Urug
 11341 | D:11     | Killed from afar by Urug

Skill      XL: |  1  2  3  4  5  6  7  8  9 10 11 |
---------------+----------------------------------+-----
Maces & Flails | 3 4 5 6 8 10 11 | 11.6
Shields        | 4 5 6 8 9 10 | 10.5
Armour         | 4 5 6 7 9 |  9.9
Fighting       | 4 5 6 |  6.1

Action                   |  1- 3 |  4- 6 |  7- 9 | 10-12 || total
-------------------------+-------+-------+-------+-------++-------
Melee: Flail             |   138 |   246 |       |       ||   384
       Whip              |       |    59 |   410 |   767 ||  1236
Invok: Call Merchant     |       |       |       |     1 ||     1
  Use: Potion            |       |       |     1 |       ||     1
       Scroll            |       |       |       |    21 ||    21
 Stab: Distracted        |       |       |       |     1 ||     1
  Eat: Chunk             |     1 |     9 |    10 |     4 ||    24
       Beef jerky        |       |       |       |     4 ||     4
       Bread ration      |       |       |       |     1 ||     1
Armor: Scale mail        |    75 |   100 |       |       ||   175
       Chain mail        |       |    15 |   149 |   144 ||   308
Dodge: Dodged            |    57 |    98 |    85 |   115 ||   355
Block: Shield            |    75 |   173 |   189 |   252 ||   689
       Reflection        |       |       |       |     2 ||     2
